 Dungeon Crawl Stone Soup version 0.27.0-1-g7a089689b8 (webtiles) character file.

Game seed: 66697729204644112

72 dtburroughs the Chopper (level 4, -4/60 HPs)
             Began as a Minotaur Berserker on Aug 8, 2021.
             Was a Believer of Trog.
             Slain by Robin (8 damage)
             ... on level 2 of the Dungeon.
             The game lasted 00:03:16 (1665 turns).

dtburroughs the Chopper (Minotaur Berserker)        Turns: 1665, Time: 00:03:16

Health: -4/60      AC:  6    Str: 22    XL:     4   Next: 6%
Magic:  3/3        EV: 10    Int:  5    God:    Trog [**....]
Gold:   73         SH:  0    Dex:  9    Spells: 3/3 levels left

rFire    . . .     SeeInvis .   a - +0 hand axe
rCold    . . .     Faith    .   (no shield)
rNeg     . . .     Spirit   .   e - +0 scale mail
rPois    +         Reflect  .   (helmet restricted)
rElec    .         Harm     .   (no cloak)
rCorr    .         Rampage  .   (no gloves)
Will     ++...                  (no boots)
Stlth    ..........             (no amulet)
HPRegen  1.20/turn              d - ring of poison resistance
MPRegen  0.08/turn              (no ring)

@: berserking, strong-willed, regenerating, very quick
A: horns 2, retaliatory headbutt
a: Renounce Religion, Berserk, Trog's Hand


You were on level 2 of the Dungeon.
You worshipped Trog.
Trog was pleased with you.
You visited 1 branch of the dungeon, and saw 2 of its levels.

You collected 73 gold pieces.

Inventory:

Hand Weapons
 a - a +0 hand axe (weapon)
Armour
 b - a +0 animal skin
 e - a +0 scale mail (worn)
Jewellery
 d - a ring of poison resistance (left hand)
 f - a +6 ring of intelligence
Scrolls
 c - 2 scrolls of immolation {unknown}
 g - 2 scrolls of identify {unknown}
 j - a scroll of amnesia {unknown}
Potions
 h - a potion of invisibility {unknown}
 i - a potion of mutation {unknown}


   Skills:
 + Level 4.3 Fighting
 + Level 4.3 Axes
 + Level 3.4 Armour
 + Level 3.0 Dodging


You had 3 spell levels left.
You didn't know any spells.
Your spell library was empty.

Dungeon Overview and Level Annotations

Branches:
Dungeon (2/15)

Altars:
Xom

Annotations:
D:2 Robin


Innate Abilities, Weirdness & Mutations

You have a pair of horns on your head.
You reflexively headbutt those who attack you in melee.


Message History

The hobgoblin closely misses you. The goblin hits you with a +0 club.
You hit the hobgoblin.
The hobgoblin is almost dead.
You closely miss the goblin. The hobgoblin barely misses you.
You furiously retaliate!
You headbutt the hobgoblin!
You kill the hobgoblin!
Trog accepts your kill. The goblin hits you with a +0 club.
The goblin closely misses you.
A goblin comes into view. It is wielding a +0 club.
Robin barely misses you.
Things that are here:
a +0 club; a +0 hunting sling; 9 stones You barely miss the goblin.
You closely miss the goblin. The goblin hits you with a +0 club.
* * * LOW HITPOINT WARNING * * *
Robin closely misses you. The goblin hits you with a +0 club.
* * * LOW HITPOINT WARNING * * *
The goblin hits you but does no damage.
Your skin crawls.
You feel strong-willed. The goblin hits you with a +0 club.
* * * LOW HITPOINT WARNING * * *
The goblin hits you but does no damage.
You hit the goblin.
The goblin is moderately wounded.
You hit the goblin.
You kill the goblin!
Trog accepts your kill.
Robin hits you from afar with a +0 trident.
* * * LOW HITPOINT WARNING * * *
The goblin hits you with a +0 club.
* * * LOW HITPOINT WARNING * * *
A red film seems to cover your vision as you go berserk!
You feel yourself moving faster!
You feel mighty! Robin barely misses you. The goblin barely misses you.
You closely miss the goblin.
The goblin is moderately wounded.
Robin hits you from afar with a +0 trident!
You die...

#.#### #.#
#..>.###.### #
##.........# ..
##
#...###.#.##...
.. #####
#........ #.
#b#g##..> #.
#gg......
#g#.g#..# #.
#@#.g# .# #.
#)# .# # #. #.#
.# #†# . #.# wg
#.# #.# #.# #.#


You could see Robin, a hobgoblin (strong), 2 goblins and a bat.

Vanquished Creatures
  An adder (D:2)
  A gnoll (D:1)
  2 worms (D:2)
  A dart slug (D:1)
  6 bats
  2 endoplasms (D:1)
  2 giant cockroaches (D:1)
  9 goblins
  4 hobgoblins
  A quokka (D:1)
  5 ball pythons
  3 frilled lizards
  3 kobolds
  4 rats
44 creatures vanquished.

Notes
Turn   | Place    | Note
-------+----------+-------------------------------------------
     0 | D:1      | dtburroughs the Minotaur Berserker began the quest for the
                  | Orb.
     0 | D:1      | Reached XP level 1. HP: 19/19 MP: 0/0
   139 | D:1      | Reached XP level 2. HP: 22/27 MP: 1/1
   825 | D:1      | Found a faded altar of an unknown god.
   834 | D:1      | Reached XP level 3. HP: 31/33 MP: 2/2
   889 | D:1      | Reached ** piety under Trog
  1486 | D:2      | Found a shimmering altar of Xom.
  1633 | D:2      | Noticed Robin
  1653 | D:2      | Reached XP level 4. HP: 27/40 MP: 3/3
  1663 | D:2      | HP: 1/40 [goblin[Robin] (5)]
  1665 | D:2      | Slain by Robin

Illustrated notes

Levels and vault maps discovered:
D:1:      scummos_arrival_checkerplants, layout_rooms,
          ebering_ecumenical_altar_box
D:2:      layout_loops_ring, basic_altar, uniq_robin

Skill      XL: |  1  2  3 |
---------------+----------+-----
Fighting       | 4 |  4.3
Axes           | 4 |  4.3
Armour         | 3 |  3.4
Dodging        | 3 |  3.0

Action                   |  1- 3 |  4- 6 || total
-------------------------+-------+-------++-------
Melee: Hand axe          |    90 |     9 ||    99
       Headbutt          |    15 |       ||    15
Invok: Berserk           |       |     1 ||     1
       Trog's Hand       |       |     1 ||     1
Armor: Animal skin       |     5 |       ||     5
       Scale mail        |    39 |     2 ||    41
Dodge: Dodged            |    70 |    10 ||    80
